AoeStats
← CallMeDad

Northern Isles

510447055Analyzed
1v1 RM · 22h ago on Oct 1, 2026· 63m 31s· 2 players
Game mode
Random Map
Map size
Tiny (2 player)
Population
200
Speed
Normal
Resources
Standard
Victory
Conquest
Starting age
Dark Age
Ending age
Imperial Age
RankedLock teamsTeams togetherTeam positionsShared explorationLock speedFull tech treeHidden civsTurbo modeCheats
Victory
Defeat
🇺🇸 Vikings · United States
326
+13
🇺🇸 Romans · United States
270
-13
GreenMachine
0:54 Loom
15:34 Feudal Age
17:41 Fishing Lines
18:48 Wheelbarrow
18:02 Town Watch
18:28 Double-Bit Axe
18:28 Horse Collar
22:06 Gold Mining
25:03 Man-at-Arms
27:52 Castle Age
26:34 Forging
26:25 Scale Mail Armor
29:22 Squires
28:43 Long Swordsman
30:08 Heavy Plow
30:21 Bow Saw
31:04 Medium Warships
31:12 Stone Mining
32:14 Fletching
32:40 Chain Mail Armor
33:01 Iron Casting
32:33 Scale Barding Armor
32:40 Gillnets
38:23 Ballistics
40:45 Imperial Age
38:31 Hand Cart
37:53 Demolition Ship
39:19 Chain Barding Armor
38:55 Bodkin Arrow
43:33 Clinker Construction
44:16 Careening
44:46 Crop Rotation
44:27 Padded Archer Armor
45:50 Gold Shaft Mining
46:18 Town Patrol
47:03 Shipwright
48:17 Guilds
49:40 Heavy Warships
52:43 Guard Tower
53:54 Chemistry
53:04 Siege Engineers
53:21 Carvel Hull
55:29 Keep
55:29 Leather Archer Armor
56:24 Legionary
59:23 Comitatenses
60:27 Elite Centurion
CallMeDad
10:08 Loom
11:58 Feudal Age
13:13 Loom
20:53 Castle Age
18:37 Man-at-Arms
20:02 Double-Bit Axe
23:05 Medium Warships
24:26 Bow Saw
25:05 Gold Mining
28:29 Long Swordsman
31:10 Fletching
35:48 Imperial Age
35:32 Ballistics
35:02 Pikeman
40:28 Elite Longship
44:14 Town Watch
45:38 Gold Shaft Mining
46:09 Two-Man Saw
48:41 Chemistry
47:44 Murder Holes
48:02 Careening
48:03 Clinker Construction
47:55 Murder Holes
52:49 Capped Ram
53:06 Elite Berserk
53:50 Chieftains
55:44 Town Patrol
55:39 Arrowslits
56:20 Dry Dock
56:23 Carvel Hull
55:51 Treadmill Crane
56:59 Siege Ram
58:29 Bogsveigar
59:06 Hoardings
61:22 Forging
61:08 Bodkin Arrow
61:14 Scale Mail Armor
61:06 Arson
61:22 Squires
Connection lost

Rejoining the realm…

Still unreachable

The connection could not be restored.

Session expired

The server has moved on; the page needs a fresh start.